Nashville Predators vs Washington Capitals
Created - Tuesday, April 30, 2024 at 07:48
Goals
|
| Nashville Predators |
0 |
1 |
2 |
3 |
| Washington Capitals |
0 |
2 |
2 |
4 |
|
Shots
|
| Nashville Predators |
5 |
12 |
13 |
30 |
| Washington Capitals |
5 |
9 |
19 |
33 |
|
1st period
No Goal
Penalties :
Alex Ovechkin (WSH) for Hooking (Minor) at 4:14, Sam Gagner (NSH) for Roughing (Minor) at 8:20, Oliver Kylington (NSH) for Tripping (Minor) at 15:16
2nd period
1. Washington Capitals , Jason Robertson 18 (Brayden Point 39) at 6:44 (PP)
2. Washington Capitals , Brayden Point 27 (Jason Robertson 24, Alex Ovechkin 25) at 9:24 (PP)
3. Nashville Predators , Thomas Novak 17 (Ryan Carpenter 11) at 18:39
Penalties :
Sam Gagner (NSH) for Holding (Minor) at 0:22, Justin Braun (NSH) for Interference (Minor) at 6:43, Oliver Kylington (NSH) for Hooking (Minor) at 9:07, Alex Newhook (NSH) for Interference (Minor) at 15:15
3rd period
4. Nashville Predators , Jacob Peterson 26 (Jakub Voracek 23, Thomas Novak 25) at 1:54
5. Washington Capitals , John Carlson 4 (Michael Mcleod 8, Owen Tippett 16) at 9:00
6. Nashville Predators , Zemgus Girgensons 9 (Henri Jokiharju 18, Alex Newhook 11) at 15:52
7. Washington Capitals , Nico Hischier 19 (Drake Batherson 17, Owen Tippett 17) at 19:48 (PP)
Penalties :
David Savard (WSH) for Checking from behind (Major) at 1:58, Patrick Maroon (NSH) for Cross-checking (Minor) at 18:00
Goalie Stats
Samuel Ersson (NSH), 29 saves from 33 shots - (0.879), L, 3-5-2, 60:00 minutes
Jake Oettinger (WSH), 27 saves from 30 shots - (0.900), W, 21-21-5, 60:00 minutes
Players Stats for Nashville Predators
Player Name G A P +/- PIM S H SB GA TA FO MP PP MP PK MP
------------------------------------------------------------------------------------
Alex Newhook 0 1 1 0 2 3 4 1 0 0 1/1 17:31 2:49 3:19
Alexander Alexeyev 0 0 0 1 0 0 2 0 0 1 0/0 21:19 3:17 4:17
Brett Leason 0 0 0 1 0 1 4 0 0 0 0/0 7:09 0:00 0:00
Corey Perry 0 0 0 0 0 1 1 0 0 1 2/8 11:28 0:15 0:00
Henri Jokiharju 0 1 1 2 0 1 1 2 0 1 0/0 24:50 3:23 5:45
Jacob Peterson 1 0 1 1 0 4 3 0 1 1 1/1 20:22 3:08 5:28
Jakub Voracek 0 1 1 1 0 3 2 1 1 0 0/2 14:53 3:09 0:00
Justin Braun 0 0 0 1 2 1 0 2 0 1 0/0 15:43 0:51 0:00
Kevin Labanc 0 0 0 0 0 1 0 0 0 0 0/1 12:20 0:52 0:00
Markus Niemelainen 0 0 0 -1 0 1 1 0 0 0 0/0 20:26 3:02 4:17
Morgan Frost 0 0 0 0 0 3 1 0 2 0 7/19 19:15 2:49 4:27
Nate Schmidt 0 0 0 2 0 1 0 5 1 1 0/0 24:40 3:23 5:45
Oliver Kylington 0 0 0 -1 4 0 1 1 0 0 0/0 13:23 0:00 0:00
Patrick Maroon 0 0 0 0 2 0 1 1 1 0 1/4 10:33 1:04 1:15
Ryan Carpenter 0 1 1 1 0 1 1 1 0 0 1/4 12:40 0:00 5:28
Sam Gagner 0 0 0 0 4 3 2 0 0 0 1/2 15:29 2:44 0:07
Thomas Novak 1 1 2 2 0 3 2 0 1 0 7/14 15:36 3:03 0:00
Zemgus Girgensons 1 0 1 0 0 3 1 1 1 0 0/2 12:14 1:01 0:00
Players Stats for Washington Capitals
Player Name G A P +/- PIM S H SB GA TA FO MP PP MP PK MP
------------------------------------------------------------------------------------
Alex Ovechkin 0 1 1 -2 2 1 1 1 0 2 2/2 19:29 4:32 0:00
Brad Marchand 0 0 0 -1 0 1 1 1 0 1 0/2 14:01 0:00 3:14
Brayden Point 1 1 2 -2 0 5 0 0 2 1 17/31 20:00 4:32 0:30
David Savard 0 0 0 -2 5 2 2 3 0 2 0/0 23:41 6:29 0:52
Dominik Kubalik 0 0 0 0 0 4 0 0 0 0 1/1 8:37 0:00 1:19
Drake Batherson 0 1 1 -1 0 3 1 0 1 0 0/0 15:55 5:30 0:00
Dylan DeMelo 0 0 0 0 0 0 0 2 0 0 0/0 16:59 3:33 2:00
Erik Johnson 0 0 0 0 0 0 0 1 0 0 0/0 14:59 0:00 3:05
Ian Cole 0 0 0 0 0 0 0 3 0 1 0/0 18:25 0:00 3:10
Isac Lundestrom 0 0 0 0 0 1 1 0 1 0 1/1 8:33 0:00 1:24
Jason Robertson 1 1 2 -2 0 1 3 2 1 0 0/0 19:30 4:32 0:00
John Carlson 1 0 1 -2 0 2 2 1 0 1 0/0 24:24 6:29 1:10
Jordan Kyrou 0 0 0 1 0 3 0 0 0 0 2/2 10:35 0:00 0:00
Michael Mcleod 0 1 1 1 0 0 0 0 0 0 7/10 13:19 0:00 3:11
Nick Foligno 0 0 0 0 0 0 0 0 0 0 0/0 10:20 0:00 2:34
Nick Jensen 0 0 0 0 0 3 0 0 0 0 0/0 21:40 3:33 3:39
Nico Hischier 1 0 1 -1 0 5 0 1 1 0 6/8 17:39 5:30 1:44
Owen Tippett 0 2 2 1 0 2 0 0 0 0 1/1 14:54 5:30 0:00
3 Stars
1 - Thomas Novak (NSH)
2 - Jason Robertson (WSH)
3 - Jacob Peterson (NSH)
Power Play
Nashville Predators - 0 on 2 Attempt(s) - 0.00%
Washington Capitals - 3 on 7 Attempt(s) - 42.86%
Penalty Kill
Nashville Predators - 4 on 7 Attempt(s) - 57.14%
- Score 0 goal in Penalty Kill
Washington Capitals - 2 on 2 Attempt(s) - 100.00%
- Score 0 goal in Penalty Kill
Team Stat
Nashville Predators - Hits : 27 - Faceoff Wins : 21 - Blocked Shots : 15 - Penalty Minutes : 14
Washington Capitals - Hits : 11 - Faceoff Wins : 37 - Blocked Shots : 15 - Penalty Minutes : 7
Official
Referees : Dan O'Rourke and Wes McCauley
Linesman : Jonny Murray and Shandor Alphonso
Game Notes
9:00 of 3rd period - Washington Capitals goal is going for a video replay. After video review, Goal.
Finance
Level 1 -- Attendance: 5640 (94.00%) -- Ticket Income $535,800
Level 2 -- Attendance: 4280 (85.60%) -- Ticket Income $235,400
Level 3 -- Attendance: 2981 (99.37%) -- Ticket Income $98,373
Level 4 -- Attendance: 4461 (89.22%) -- Ticket Income $98,142
Luxury Box -- Attendance: 717 (71.70%) -- Ticket Income $139,815
Game was played at the Verizon Center.
Total Attendance: 18079 (90.40%)
Total Ticket Income: $1,107,530
Other Income: $387,636
Total Income: $1,495,166
Nashville Predators
5 vs 5 Forward
Center Left Wing Right Wing Time % Phy DF OF
1 Thomas Novak Jacob Peterson Jakub Voracek 30 1 2 2
2 Morgan Frost Kevin Labanc Sam Gagner 30 1 2 2
3 Corey Perry Alex Newhook Zemgus Girgensons 25 1 2 2
4 Patrick Maroon Ryan Carpenter Brett Leason 15 1 2 2
5 vs 5 Defense
Defense Defense Time % Phy DF OF
1 Henri Jokiharju Nate Schmidt 35 1 2 2
2 Justin Braun Alexander Alexeyev 35 1 2 2
3 Markus Niemelainen Oliver Kylington 30 1 2 2
4 Henri Jokiharju Nate Schmidt 0 1 2 2
PowerPlay Forward
Center Left Wing Right Wing Time % Phy DF OF
1 Thomas Novak Jacob Peterson Jakub Voracek 50 1 2 2
2 Morgan Frost Alex Newhook Sam Gagner 50 1 2 2
PowerPlay Defense
Defense Defense Time % Phy DF OF
1 Nate Schmidt Henri Jokiharju 50 1 2 2
2 Markus Niemelainen Alexander Alexeyev 50 1 2 2
Penalty Kill 4 Players Forward
Center Wing Time % Phy DF OF
1 Ryan Carpenter Jacob Peterson 50 1 2 2
2 Morgan Frost Alex Newhook 50 1 2 2
Penalty Kill 4 Players Defense
Defense Defense Time % Phy DF OF
1 Henri Jokiharju Nate Schmidt 50 1 2 2
2 Alexander Alexeyev Markus Niemelainen 50 1 2 2
Penalty Kill - 3 Players Forward
Forward Time % Phy DF OF
1 Ryan Carpenter 50 1 2 2
2 Morgan Frost 50 1 2 2
Penalty Kill - 3 Players Defense
Defense Defense Time % Phy DF OF
1 Henri Jokiharju Nate Schmidt 50 1 2 2
2 Markus Niemelainen Alexander Alexeyev 50 1 2 2
4 vs 4 Forward
Center Wing Time % Phy DF OF
1 Thomas Novak Jacob Peterson 50 1 2 2
2 Morgan Frost Sam Gagner 50 1 2 2
4 vs 4 Defense
Defense Defense Time % Phy DF OF
1 Henri Jokiharju Nate Schmidt 50 1 2 2
2 Alexander Alexeyev Markus Niemelainen 50 1 2 2
Last Minutes Offensive
Center Left Wing Right Wing Defense Defense
Thomas Novak Jacob Peterson Kevin Labanc Nate Schmidt Henri Jokiharju
Last Minutes Defensive
Center Left Wing Right Wing Defense Defense
Morgan Frost Corey Perry Ryan Carpenter Henri Jokiharju Nate Schmidt
Goaltenders
Starting : Samuel Ersson
Backup : Anthony Stolarz
Extra Forwards
Normal : Thomas Novak, Sam Gagner, Morgan Frost - PP : Sam Gagner, Alex Newhook - PK : Morgan Frost
Extra Defensemen
Normal : Henri Jokiharju, Markus Niemelainen, Nate Schmidt - PP : Markus Niemelainen - PK : Alexander Alexeyev, Markus Niemelainen
Penalty Shots
Jacob Peterson, Jakub Voracek, Kevin Labanc, Morgan Frost, Thomas Novak
Washington Capitals
5 vs 5 Forward
Center Left Wing Right Wing Time % Phy DF OF
1 Brayden Point Alex Ovechkin Jason Robertson 40 1 1 3
2 Nico Hischier Brad Marchand Drake Batherson 30 1 1 3
3 Michael Mcleod Owen Tippett Jordan Kyrou 20 1 1 3
4 Isac Lundestrom Nick Foligno Dominik Kubalik 10 1 1 3
5 vs 5 Defense
Defense Defense Time % Phy DF OF
1 John Carlson David Savard 37 2 3 0
2 Nick Jensen Ian Cole 35 2 3 0
3 Dylan DeMelo Erik Johnson 28 2 3 0
4 John Carlson Ian Cole 0 2 3 0
PowerPlay Forward
Center Left Wing Right Wing Time % Phy DF OF
1 Brayden Point Alex Ovechkin Jason Robertson 60 1 2 2
2 Nico Hischier Owen Tippett Drake Batherson 40 1 2 2
PowerPlay Defense
Defense Defense Time % Phy DF OF
1 David Savard John Carlson 60 1 2 2
2 Dylan DeMelo Nick Jensen 40 1 2 2
Penalty Kill 4 Players Forward
Center Wing Time % Phy DF OF
1 Michael Mcleod Brad Marchand 60 1 2 2
2 Isac Lundestrom Nick Foligno 40 1 2 2
Penalty Kill 4 Players Defense
Defense Defense Time % Phy DF OF
1 David Savard Ian Cole 60 1 2 2
2 Erik Johnson Nick Jensen 40 1 2 2
Penalty Kill - 3 Players Forward
Forward Time % Phy DF OF
1 Michael Mcleod 60 1 2 2
2 Isac Lundestrom 40 1 2 2
Penalty Kill - 3 Players Defense
Defense Defense Time % Phy DF OF
1 David Savard Ian Cole 60 1 2 2
2 Erik Johnson Nick Jensen 40 1 2 2
4 vs 4 Forward
Center Wing Time % Phy DF OF
1 Brayden Point Alex Ovechkin 60 1 2 2
2 Nico Hischier Jason Robertson 40 1 2 2
4 vs 4 Defense
Defense Defense Time % Phy DF OF
1 David Savard John Carlson 60 1 2 2
2 Dylan DeMelo Nick Jensen 40 1 2 2
Last Minutes Offensive
Center Left Wing Right Wing Defense Defense
Brayden Point Alex Ovechkin Jason Robertson David Savard John Carlson
Last Minutes Defensive
Center Left Wing Right Wing Defense Defense
Nico Hischier Brad Marchand Nick Foligno Nick Jensen Ian Cole
Goaltenders
Starting : Jake Oettinger
Backup : Sergei Bobrovsky
Extra Forwards
Normal : Jordan Kyrou, Drake Batherson, Dominik Kubalik - PP : Owen Tippett, Brayden Point - PK : Nico Hischier
Extra Defensemen
Normal : Nick Jensen, Dylan DeMelo, Ian Cole - PP : John Carlson - PK : Nick Jensen, Dylan DeMelo
Penalty Shots
Jason Robertson, Drake Batherson, Brayden Point, Alex Ovechkin, David Savard
% Time on Ice - Nashville Predators
Lines # - Real PCT - Wanted PCT - Time Play
Normal Forward
1 - 29% - 30% - 12:19
2 - 28% - 30% - 12:08
3 - 26% - 25% - 11:13
4 - 17% - 15% - 7:09
Normal Defense
1 - 35% - 35% - 15:05
2 - 35% - 35% - 14:50
3 - 30% - 30% - 12:54
4 - 0% - 0% - 0:00
PP Forward
1 - 51% - 50% - 3:33
2 - 49% - 50% - 3:25
PP Defense
1 - 49% - 50% - 3:23
2 - 51% - 50% - 3:35
PK Forward
1 - 56% - 50% - 5:35
2 - 44% - 50% - 4:27
PK Defense
1 - 57% - 50% - 5:45
2 - 43% - 50% - 4:17
PK3 Forward
1 - 0% - 50%
2 - 0% - 50%
PK3 Defense
1 - 0% - 50%
2 - 0% - 50%
44 Forward
1 - 0% - 50%
2 - 0% - 50%
44 Defense
1 - 0% - 50%
2 - 0% - 50%
Last Minute Offensive - 0:11
Last Minute Defensive - 0:00
Total
Forward - 60:00
Defense - 60:00
|
% Time on Ice - Washington Capitals
Lines # - Real PCT - Wanted PCT - Time Play
Normal Forward
1 - 35% - 40% - 15:07
2 - 24% - 30% - 10:25
3 - 24% - 20% - 10:08
4 - 17% - 10% - 7:09
Normal Defense
1 - 37% - 37% - 15:45
2 - 33% - 35% - 14:17
3 - 25% - 28% - 10:42
4 - 5% - 0% - 2:05
PP Forward
1 - 45% - 60% - 4:32
2 - 55% - 40% - 5:30
PP Defense
1 - 65% - 60% - 6:29
2 - 35% - 40% - 3:33
PK Forward
1 - 82% - 60% - 5:43
2 - 18% - 40% - 1:15
PK Defense
1 - 84% - 60% - 5:51
2 - 16% - 40% - 1:07
PK3 Forward
1 - 0% - 60%
2 - 0% - 40%
PK3 Defense
1 - 0% - 60%
2 - 0% - 40%
44 Forward
1 - 0% - 60%
2 - 0% - 40%
44 Defense
1 - 0% - 60%
2 - 0% - 40%
Last Minute Offensive - 0:00
Last Minute Defensive - 0:11
Total
Forward - 60:00
Defense - 60:00
|
Play-by-Play
1st period
0:01 of 1st period - Brayden Point wins face-off versus Thomas Novak in neutral zone.
0:06 of 1st period - Snap shot by Jason Robertson.
0:06 of 1st period - Shot Misses the Net.
0:53 of 1st period - Nick Jensen is hit by Patrick Maroon and loses puck.
1:39 of 1st period - Slapshot by Jacob Peterson.
1:39 of 1st period - Deflect By Jason Robertson.
1:39 of 1st period - Stopped by Jake Oettinger with a rebound.
1:41 of 1st period - Slapshot by Markus Niemelainen.
1:41 of 1st period - Shot Misses the Net.
2:02 of 1st period - Slapshot by Sam Gagner.
2:02 of 1st period - Shot Misses the Net.
2:56 of 1st period - Nate Schmidt is hit by Alex Ovechkin.
3:06 of 1st period - Snap shot by Alex Ovechkin.
3:06 of 1st period - Shot Blocked by Nate Schmidt.
3:54 of 1st period - Snap shot by Owen Tippett.
3:54 of 1st period - Stopped by Samuel Ersson without a rebound.
3:55 of 1st period - Thomas Novak wins face-off versus Brayden Point in Nashville Predators zone.
3:55 of 1st period - Thomas Novak is hit by Jason Robertson.
4:09 of 1st period - Snap shot by Thomas Novak.
4:09 of 1st period - Stopped by Jake Oettinger with a rebound.
4:14 of 1st period - Minor Penalty to Alex Ovechkin for Hooking.
4:15 of 1st period - Michael Mcleod wins face-off versus Thomas Novak in Washington Capitals zone.
4:25 of 1st period - Alexander Alexeyev is hit by David Savard and loses puck.
5:13 of 1st period - Icing by Henri Jokiharju.
5:14 of 1st period - Morgan Frost wins face-off versus Michael Mcleod in Nashville Predators zone.
5:47 of 1st period - Michael Mcleod is hit by Alex Newhook and loses puck.
6:00 of 1st period - Slapshot by Nick Foligno.
6:00 of 1st period - Shot Misses the Net.
6:02 of 1st period - Snap shot by Isac Lundestrom.
6:02 of 1st period - Shot Misses the Net.
6:04 of 1st period - Wrist shot by Nick Jensen.
6:04 of 1st period - Stopped by Samuel Ersson with a rebound.
6:06 of 1st period - Snap shot by Nick Jensen.
6:06 of 1st period - Shot Misses the Net.
6:14 of 1st period - Penalty to Alex Ovechkin is over, Alex Ovechkin is back on ice.
6:34 of 1st period - Snap shot by Thomas Novak.
6:34 of 1st period - Shot Blocked by Erik Johnson.
7:00 of 1st period - Slapshot by Brad Marchand.
7:00 of 1st period - Stopped by Samuel Ersson with a rebound.
7:28 of 1st period - Snap shot by Dominik Kubalik.
7:28 of 1st period - Stopped by Samuel Ersson with a rebound.
7:42 of 1st period - Snap shot by Corey Perry.
7:42 of 1st period - Shot Blocked by Ian Cole.
7:44 of 1st period - Snap shot by Corey Perry.
7:44 of 1st period - Deflect By Zemgus Girgensons.
7:44 of 1st period - Shot Blocked by Ian Cole.
7:44 of 1st period - Puck is out of play.
7:45 of 1st period - Brayden Point wins face-off versus Corey Perry in Washington Capitals zone.
7:59 of 1st period - Snap shot by Corey Perry.
7:59 of 1st period - Stopped by Jake Oettinger with a rebound.
8:01 of 1st period - Wrist shot by Zemgus Girgensons.
8:01 of 1st period - Shot Misses the Net.
8:03 of 1st period - Snap shot by Corey Perry.
8:03 of 1st period - Shot Misses the Net.
8:05 of 1st period - Wrist shot by Alex Newhook.
8:05 of 1st period - Shot Misses the Net.
8:07 of 1st period - Snap shot by Zemgus Girgensons.
8:07 of 1st period - Stopped by Jake Oettinger without a rebound.
8:08 of 1st period - Nico Hischier wins face-off versus Morgan Frost in Washington Capitals zone.
8:20 of 1st period - Minor Penalty to Sam Gagner for Roughing.
8:21 of 1st period - Brayden Point wins face-off versus Ryan Carpenter in Nashville Predators zone.
10:20 of 1st period - Penalty to Sam Gagner is over, Sam Gagner is back on ice.
10:31 of 1st period - Wrist shot by Sam Gagner.
10:31 of 1st period - Shot Misses the Net.
10:37 of 1st period - Sam Gagner is hit by Isac Lundestrom and loses puck.
10:48 of 1st period - Jordan Kyrou is hit by Thomas Novak and loses puck.
11:09 of 1st period - Snap shot by Sam Gagner.
11:09 of 1st period - Stopped by Jake Oettinger with a rebound.
11:11 of 1st period - Slapshot by Corey Perry.
11:11 of 1st period - Shot Misses the Net.
12:13 of 1st period - Nick Foligno is hit by Markus Niemelainen and loses puck.
13:06 of 1st period - Drake Batherson is hit by Jacob Peterson and loses puck.
13:30 of 1st period - Brayden Point is hit by Brett Leason and loses puck.
14:35 of 1st period - Nick Jensen is hit by Alex Newhook.
15:05 of 1st period - Icing by Ian Cole.
15:06 of 1st period - Nico Hischier wins face-off versus Morgan Frost in Washington Capitals zone.
15:06 of 1st period - Nico Hischier is hit by Sam Gagner.
15:14 of 1st period - Slapshot by Nico Hischier.
15:14 of 1st period - Stopped by Samuel Ersson with a rebound.
15:16 of 1st period - Minor Penalty to Oliver Kylington for Tripping.
15:17 of 1st period - Morgan Frost wins face-off versus Brayden Point in Nashville Predators zone.
17:16 of 1st period - Penalty to Oliver Kylington is over, Oliver Kylington is back on ice.
18:32 of 1st period - Brad Marchand is hit by Thomas Novak and loses puck.
18:37 of 1st period - Wrist shot by Jacob Peterson.
18:37 of 1st period - Shot Misses the Net.
19:33 of 1st period - Dominik Kubalik is hit by Zemgus Girgensons and loses puck.
Goals for this period are 0 for Nashville Predators vs 0 for Washington Capitals.
Shots for this period are 5 for Nashville Predators vs 5 for Washington Capitals.
2nd period
0:01 of 2nd period - Brayden Point wins face-off versus Morgan Frost in neutral zone.
0:22 of 2nd period - Minor Penalty to Sam Gagner for Holding.
0:23 of 2nd period - Morgan Frost wins face-off versus Brayden Point in Nashville Predators zone.
2:22 of 2nd period - Penalty to Sam Gagner is over, Sam Gagner is back on ice.
2:37 of 2nd period - Snap shot by Zemgus Girgensons.
2:37 of 2nd period - Shot Blocked by Dylan DeMelo.
2:49 of 2nd period - Ian Cole is hit by Morgan Frost and loses puck.
3:24 of 2nd period - Nick Foligno is hit by Alexander Alexeyev and loses puck.
3:39 of 2nd period - Snap shot by Jakub Voracek.
3:39 of 2nd period - Shot Misses the Net.
4:23 of 2nd period - Corey Perry is hit by David Savard and loses puck.
4:52 of 2nd period - Nick Jensen is hit by Brett Leason and loses puck.
5:12 of 2nd period - Wrist shot by Jacob Peterson.
5:12 of 2nd period - Stopped by Jake Oettinger with a rebound.
5:14 of 2nd period - Snap shot by Henri Jokiharju.
5:14 of 2nd period - Shot Blocked by Nico Hischier.
5:16 of 2nd period - Slapshot by Thomas Novak.
5:16 of 2nd period - Stopped by Jake Oettinger without a rebound.
5:17 of 2nd period - Thomas Novak wins face-off versus Michael Mcleod in Washington Capitals zone.
5:20 of 2nd period - Slapshot by Jakub Voracek.
5:20 of 2nd period - Shot Misses the Net.
5:22 of 2nd period - Slapshot by Nate Schmidt.
5:22 of 2nd period - Stopped by Jake Oettinger without a rebound.
5:23 of 2nd period - Michael Mcleod wins face-off versus Zemgus Girgensons in Washington Capitals zone.
5:37 of 2nd period - Off-side.
5:38 of 2nd period - Morgan Frost wins face-off versus Brayden Point in neutral zone.
5:54 of 2nd period - Off-side.
5:55 of 2nd period - Thomas Novak wins face-off versus Nico Hischier in neutral zone.
5:57 of 2nd period - Off-side.
5:58 of 2nd period - Jacob Peterson wins face-off versus Nico Hischier in neutral zone.
6:31 of 2nd period - Wrist shot by Morgan Frost.
6:31 of 2nd period - Deflect By Sam Gagner.
6:31 of 2nd period - Shot Blocked by Jason Robertson.
6:31 of 2nd period - Puck is out of play.
6:32 of 2nd period - Thomas Novak wins face-off versus Brayden Point in Washington Capitals zone.
6:33 of 2nd period - Wrist shot by Jacob Peterson.
6:33 of 2nd period - Shot Misses the Net.
6:35 of 2nd period - Snap shot by Thomas Novak.
6:35 of 2nd period - Shot Misses the Net.
6:37 of 2nd period - Slapshot by Justin Braun.
6:37 of 2nd period - Deflect By Brayden Point.
6:37 of 2nd period - Stopped by Jake Oettinger without a rebound.
6:38 of 2nd period - Brayden Point wins face-off versus Thomas Novak in Washington Capitals zone.
6:38 of 2nd period - Brayden Point is hit by Jakub Voracek.
6:43 of 2nd period - Minor Penalty to Justin Braun for Interference.
6:44 of 2nd period - Brayden Point wins face-off versus Morgan Frost in Nashville Predators zone.
6:44 of 2nd period - Slapshot by Jason Robertson.
6:44 of 2nd period - Goal by Jason Robertson - Nashville Predators : 0 - Washington Capitals : 1.
6:45 of 2nd period - Morgan Frost wins face-off versus Brayden Point in neutral zone.
6:50 of 2nd period - Snap shot by Morgan Frost.
6:50 of 2nd period - Shot Blocked by Ian Cole.
7:02 of 2nd period - Snap shot by Jason Robertson.
7:02 of 2nd period - Shot Misses the Net.
8:17 of 2nd period - Wrist shot by Morgan Frost.
8:17 of 2nd period - Stopped by Jake Oettinger with a rebound.
8:19 of 2nd period - Slapshot by Oliver Kylington.
8:19 of 2nd period - Deflect By Morgan Frost.
8:19 of 2nd period - Shot Misses the Net.
8:19 of 2nd period - Puck is out of play.
8:20 of 2nd period - Brayden Point wins face-off versus Morgan Frost in Washington Capitals zone.
8:20 of 2nd period - Brayden Point is hit by Henri Jokiharju.
8:46 of 2nd period - Slapshot by Kevin Labanc.
8:46 of 2nd period - Deflect By Sam Gagner.
8:46 of 2nd period - Shot Blocked by Alex Ovechkin.
8:46 of 2nd period - Puck is out of play.
8:47 of 2nd period - Nico Hischier wins face-off versus Thomas Novak in Washington Capitals zone.
9:00 of 2nd period - Slapshot by Jakub Voracek.
9:00 of 2nd period - Stopped by Jake Oettinger without a rebound.
9:01 of 2nd period - Alex Ovechkin wins face-off versus Sam Gagner in Washington Capitals zone.
9:07 of 2nd period - Minor Penalty to Oliver Kylington for Hooking.
9:08 of 2nd period - Morgan Frost wins face-off versus Brayden Point in Nashville Predators zone.
9:16 of 2nd period - Wrist shot by Alex Ovechkin.
9:16 of 2nd period - Shot Misses the Net.
9:18 of 2nd period - Snap shot by Brayden Point.
9:18 of 2nd period - Stopped by Samuel Ersson with a rebound.
9:20 of 2nd period - Wrist shot by Brayden Point.
9:20 of 2nd period - Stopped by Samuel Ersson with a rebound.
9:22 of 2nd period - Snap shot by Jason Robertson.
9:22 of 2nd period - Shot Misses the Net.
9:24 of 2nd period - Slapshot by Brayden Point.
9:24 of 2nd period - Goal by Brayden Point - Nashville Predators : 0 - Washington Capitals : 2.
9:25 of 2nd period - Thomas Novak wins face-off versus Brayden Point in neutral zone.
9:50 of 2nd period - John Carlson is hit by Alex Newhook and loses puck.
10:01 of 2nd period - Snap shot by Brayden Point.
10:01 of 2nd period - Stopped by Samuel Ersson with a rebound.
10:03 of 2nd period - Slapshot by Alex Ovechkin.
10:03 of 2nd period - Stopped by Samuel Ersson with a rebound.
10:42 of 2nd period - Off-side.
10:43 of 2nd period - Michael Mcleod wins face-off versus Jakub Voracek in neutral zone.
11:12 of 2nd period - Snap shot by Jordan Kyrou.
11:12 of 2nd period - Shot Misses the Net.
11:24 of 2nd period - Wrist shot by Jordan Kyrou.
11:24 of 2nd period - Stopped by Samuel Ersson with a rebound.
12:06 of 2nd period - Snap shot by Jakub Voracek.
12:06 of 2nd period - Stopped by Jake Oettinger without a rebound.
12:07 of 2nd period - Brayden Point wins face-off versus Morgan Frost in Washington Capitals zone.
12:12 of 2nd period - Erik Johnson is hit by Sam Gagner and loses puck.
12:42 of 2nd period - Snap shot by Zemgus Girgensons.
12:42 of 2nd period - Stopped by Jake Oettinger with a rebound.
12:44 of 2nd period - Slapshot by Oliver Kylington.
12:44 of 2nd period - Shot Blocked by Brad Marchand.
12:56 of 2nd period - Dominik Kubalik is hit by Brett Leason and loses puck.
13:01 of 2nd period - Wrist shot by Patrick Maroon.
13:01 of 2nd period - Shot Misses the Net.
13:03 of 2nd period - Wrist shot by Ryan Carpenter.
13:03 of 2nd period - Deflect By Brett Leason.
13:03 of 2nd period - Stopped by Jake Oettinger without a rebound.
13:04 of 2nd period - Brayden Point wins face-off versus Morgan Frost in Washington Capitals zone.
13:21 of 2nd period - Snap shot by Alex Ovechkin.
13:21 of 2nd period - Shot Misses the Net.
13:31 of 2nd period - David Savard is hit by Corey Perry and loses puck.
13:49 of 2nd period - Icing by Nico Hischier.
13:50 of 2nd period - Isac Lundestrom wins face-off versus Patrick Maroon in Washington Capitals zone.
14:23 of 2nd period - Snap shot by Nico Hischier.
14:23 of 2nd period - Shot Misses the Net.
14:41 of 2nd period - Wrist shot by Morgan Frost.
14:41 of 2nd period - Stopped by Jake Oettinger with a rebound.
14:43 of 2nd period - Wrist shot by Kevin Labanc.
14:43 of 2nd period - Shot Hit the Post.
14:45 of 2nd period - Slapshot by Oliver Kylington.
14:45 of 2nd period - Deflect By Kevin Labanc.
14:45 of 2nd period - Stopped by Jake Oettinger with a rebound.
14:47 of 2nd period - Slapshot by Markus Niemelainen.
14:47 of 2nd period - Shot Blocked by Dylan DeMelo.
14:49 of 2nd period - Slapshot by Markus Niemelainen.
14:49 of 2nd period - Shot Misses the Net.
15:05 of 2nd period - Slapshot by Jordan Kyrou.
15:05 of 2nd period - Stopped by Samuel Ersson with a rebound.
15:07 of 2nd period - Wrist shot by Jordan Kyrou.
15:07 of 2nd period - Shot Blocked by Alex Newhook.
15:15 of 2nd period - Minor Penalty to Alex Newhook for Interference.
15:16 of 2nd period - Brayden Point wins face-off versus Morgan Frost in Nashville Predators zone.
15:49 of 2nd period - Wrist shot by John Carlson.
15:49 of 2nd period - Shot Blocked by Ryan Carpenter.
15:51 of 2nd period - Wrist shot by Nico Hischier.
15:51 of 2nd period - Stopped by Samuel Ersson without a rebound.
15:52 of 2nd period - Ryan Carpenter wins face-off versus Brayden Point in Nashville Predators zone.
15:52 of 2nd period - Ryan Carpenter is hit by Jason Robertson.
17:03 of 2nd period - Brayden Point is hit by Ryan Carpenter and loses puck.
17:15 of 2nd period - Penalty to Alex Newhook is over, Alex Newhook is back on ice.
17:25 of 2nd period - Slapshot by Alexander Alexeyev.
17:25 of 2nd period - Shot Misses the Net.
17:27 of 2nd period - Backhand shot by Justin Braun.
17:27 of 2nd period - Shot Misses the Net.
18:15 of 2nd period - Slapshot by Alexander Alexeyev.
18:15 of 2nd period - Shot Blocked by David Savard.
18:37 of 2nd period - Snap shot by Ryan Carpenter.
18:37 of 2nd period - Shot Blocked by David Savard.
18:39 of 2nd period - Slapshot by Thomas Novak.
18:39 of 2nd period - Goal by Thomas Novak - Nashville Predators : 1 - Washington Capitals : 2.
18:40 of 2nd period - Brayden Point wins face-off versus Jakub Voracek in neutral zone.
19:07 of 2nd period - Alex Newhook is hit by Brad Marchand.
19:58 of 2nd period - Snap shot by Nico Hischier.
19:58 of 2nd period - Deflect By Drake Batherson.
19:58 of 2nd period - Shot Misses the Net.
19:58 of 2nd period - Puck is out of play.
19:59 of 2nd period - Brayden Point wins face-off versus Morgan Frost in Nashville Predators zone.
Goals for this period are 1 for Nashville Predators vs 2 for Washington Capitals.
Shots for this period are 12 for Nashville Predators vs 9 for Washington Capitals.
3rd period
0:01 of 3rd period - Brayden Point wins face-off versus Morgan Frost in neutral zone.
0:10 of 3rd period - Brayden Point is hit by Alexander Alexeyev and loses puck.
0:25 of 3rd period - Justin Braun is hit by John Carlson and loses puck.
0:30 of 3rd period - Slapshot by Nico Hischier.
0:30 of 3rd period - Stopped by Samuel Ersson with a rebound.
0:32 of 3rd period - Slapshot by Nick Jensen.
0:32 of 3rd period - Stopped by Samuel Ersson with a rebound.
0:34 of 3rd period - Snap shot by Nick Jensen.
0:34 of 3rd period - Stopped by Samuel Ersson without a rebound.
0:35 of 3rd period - Nico Hischier wins face-off versus Morgan Frost in Nashville Predators zone.
0:40 of 3rd period - Wrist shot by Drake Batherson.
0:40 of 3rd period - Shot Misses the Net.
0:42 of 3rd period - Snap shot by Drake Batherson.
0:42 of 3rd period - Shot Misses the Net.
0:44 of 3rd period - Wrist shot by Nico Hischier.
0:44 of 3rd period - Stopped by Samuel Ersson with a rebound.
1:36 of 3rd period - Wrist shot by Morgan Frost.
1:36 of 3rd period - Stopped by Jake Oettinger with a rebound.
1:38 of 3rd period - Wrist shot by Sam Gagner.
1:38 of 3rd period - Shot Misses the Net.
1:40 of 3rd period - Snap shot by Sam Gagner.
1:40 of 3rd period - Stopped by Jake Oettinger without a rebound.
1:41 of 3rd period - Thomas Novak wins face-off versus Brad Marchand in Washington Capitals zone.
1:42 of 3rd period - Snap shot by Jacob Peterson.
1:42 of 3rd period - Shot Misses the Net.
1:54 of 3rd period - Wrist shot by Jacob Peterson.
1:54 of 3rd period - Goal by Jacob Peterson - Nashville Predators : 2 - Washington Capitals : 2.
1:55 of 3rd period - Brayden Point wins face-off versus Corey Perry in neutral zone.
1:55 of 3rd period - Brayden Point is hit by Alex Newhook.
1:58 of 3rd period - Major Penalty to David Savard for Checking from behind.
1:59 of 3rd period - Michael Mcleod wins face-off versus Morgan Frost in Washington Capitals zone.
4:13 of 3rd period - Icing by Henri Jokiharju.
4:14 of 3rd period - Michael Mcleod wins face-off versus Zemgus Girgensons in Nashville Predators zone.
5:15 of 3rd period - Erik Johnson is hit by Jacob Peterson and loses puck.
6:19 of 3rd period - Slapshot by Dominik Kubalik.
6:19 of 3rd period - Shot Blocked by Nate Schmidt.
6:58 of 3rd period - Penalty to David Savard is over, David Savard is back on ice.
7:17 of 3rd period - Icing by Markus Niemelainen.
7:18 of 3rd period - Sam Gagner wins face-off versus Brayden Point in Nashville Predators zone.
7:24 of 3rd period - Off-side.
7:25 of 3rd period - Corey Perry wins face-off versus Brayden Point in neutral zone.
7:28 of 3rd period - Slapshot by Alex Newhook.
7:28 of 3rd period - Stopped by Jake Oettinger without a rebound.
7:29 of 3rd period - Brayden Point wins face-off versus Corey Perry in Washington Capitals zone.
8:05 of 3rd period - Snap shot by Jacob Peterson.
8:05 of 3rd period - Stopped by Jake Oettinger without a rebound.
8:06 of 3rd period - Morgan Frost wins face-off versus Brayden Point in Washington Capitals zone.
8:19 of 3rd period - Wrist shot by Sam Gagner.
8:19 of 3rd period - Shot Blocked by Jason Robertson.
8:21 of 3rd period - Slapshot by Justin Braun.
8:21 of 3rd period - Shot Blocked by John Carlson.
8:31 of 3rd period - Justin Braun is hit by John Carlson and loses puck.
8:54 of 3rd period - Wrist shot by Owen Tippett.
8:54 of 3rd period - Stopped by Samuel Ersson with a rebound.
8:56 of 3rd period - Snap shot by Owen Tippett.
8:56 of 3rd period - Shot Blocked by Oliver Kylington.
8:58 of 3rd period - Wrist shot by Michael Mcleod.
8:58 of 3rd period - Shot Misses the Net.
9:00 of 3rd period - Backhand shot by John Carlson.
9:00 of 3rd period - Deflect By Alex Newhook.
9:00 of 3rd period - Washington Capitals goal is going for a video replay.
9:00 of 3rd period - The goal is good.
9:00 of 3rd period - Goal by John Carlson - Nashville Predators : 2 - Washington Capitals : 3.
9:01 of 3rd period - Brayden Point wins face-off versus Thomas Novak in neutral zone.
10:14 of 3rd period - Slapshot by Dominik Kubalik.
10:14 of 3rd period - Stopped by Samuel Ersson with a rebound.
10:18 of 3rd period - Wrist shot by Dominik Kubalik.
10:18 of 3rd period - Stopped by Samuel Ersson with a rebound.
10:20 of 3rd period - Slapshot by Dominik Kubalik.
10:20 of 3rd period - Stopped by Samuel Ersson without a rebound.
10:21 of 3rd period - Dominik Kubalik wins face-off versus Thomas Novak in Nashville Predators zone.
10:30 of 3rd period - Snap shot by Isac Lundestrom.
10:30 of 3rd period - Stopped by Samuel Ersson with a rebound.
10:51 of 3rd period - Snap shot by Dominik Kubalik.
10:51 of 3rd period - Shot Blocked by Zemgus Girgensons.
11:43 of 3rd period - Wrist shot by Jason Robertson.
11:43 of 3rd period - Shot Blocked by Justin Braun.
11:45 of 3rd period - Slapshot by David Savard.
11:45 of 3rd period - Shot Blocked by Justin Braun.
11:47 of 3rd period - Snap shot by David Savard.
11:47 of 3rd period - Shot Misses the Net.
12:03 of 3rd period - Slapshot by Jakub Voracek.
12:03 of 3rd period - Deflect By Drake Batherson.
12:03 of 3rd period - Stopped by Jake Oettinger without a rebound.
12:04 of 3rd period - Thomas Novak wins face-off versus Brad Marchand in Washington Capitals zone.
12:15 of 3rd period - Jacob Peterson is hit by Drake Batherson and loses puck.
12:30 of 3rd period - Oliver Kylington is hit by Jason Robertson and loses puck.
13:14 of 3rd period - Erik Johnson is hit by Jacob Peterson and loses puck.
13:25 of 3rd period - Wrist shot by Jordan Kyrou.
13:25 of 3rd period - Shot Blocked by Jakub Voracek.
13:59 of 3rd period - Wrist shot by Brayden Point.
13:59 of 3rd period - Stopped by Samuel Ersson without a rebound.
14:00 of 3rd period - Alex Ovechkin wins face-off versus Thomas Novak in Nashville Predators zone.
14:57 of 3rd period - Nick Jensen is hit by Oliver Kylington and loses puck.
15:11 of 3rd period - Icing by Alex Newhook.
15:12 of 3rd period - Owen Tippett wins face-off versus Corey Perry in Nashville Predators zone.
15:19 of 3rd period - Snap shot by Markus Niemelainen.
15:19 of 3rd period - Stopped by Jake Oettinger without a rebound.
15:20 of 3rd period - Patrick Maroon wins face-off versus Michael Mcleod in Washington Capitals zone.
15:21 of 3rd period - Wrist shot by Ryan Carpenter.
15:21 of 3rd period - Stopped by Jake Oettinger without a rebound.
15:22 of 3rd period - Michael Mcleod wins face-off versus Patrick Maroon in Washington Capitals zone.
15:22 of 3rd period - Michael Mcleod is hit by Brett Leason.
15:32 of 3rd period - Slapshot by Jordan Kyrou.
15:32 of 3rd period - Shot Blocked by Patrick Maroon.
15:34 of 3rd period - Slapshot by John Carlson.
15:34 of 3rd period - Stopped by Samuel Ersson with a rebound.
15:38 of 3rd period - Snap shot by Jordan Kyrou.
15:38 of 3rd period - Stopped by Samuel Ersson without a rebound.
15:39 of 3rd period - Corey Perry wins face-off versus Brayden Point in Nashville Predators zone.
15:46 of 3rd period - Wrist shot by Alex Newhook.
15:46 of 3rd period - Shot Misses the Net.
15:48 of 3rd period - Wrist shot by Alex Newhook.
15:48 of 3rd period - Stopped by Jake Oettinger with a rebound.
15:50 of 3rd period - Slapshot by Henri Jokiharju.
15:50 of 3rd period - Stopped by Jake Oettinger with a rebound.
15:52 of 3rd period - Slapshot by Zemgus Girgensons.
15:52 of 3rd period - Goal by Zemgus Girgensons - Nashville Predators : 3 - Washington Capitals : 3.
15:53 of 3rd period - Jordan Kyrou wins face-off versus Corey Perry in neutral zone.
16:18 of 3rd period - David Savard is hit by Jakub Voracek.
16:48 of 3rd period - Slapshot by Morgan Frost.
16:48 of 3rd period - Shot Misses the Net.
16:50 of 3rd period - Snap shot by Sam Gagner.
16:50 of 3rd period - Shot Misses the Net.
16:52 of 3rd period - Snap shot by Sam Gagner.
16:52 of 3rd period - Stopped by Jake Oettinger without a rebound.
16:53 of 3rd period - Alex Newhook wins face-off versus Brayden Point in Washington Capitals zone.
16:58 of 3rd period - Slapshot by Alex Newhook.
16:58 of 3rd period - Deflect By Corey Perry.
16:58 of 3rd period - Shot Blocked by David Savard.
16:58 of 3rd period - Puck is out of play.
16:59 of 3rd period - Brayden Point wins face-off versus Corey Perry in Washington Capitals zone.
17:04 of 3rd period - Snap shot by Alex Ovechkin.
17:04 of 3rd period - Shot Misses the Net.
17:53 of 3rd period - Snap shot by Alex Newhook.
17:53 of 3rd period - Stopped by Jake Oettinger without a rebound.
17:54 of 3rd period - Michael Mcleod wins face-off versus Patrick Maroon in Washington Capitals zone.
18:00 of 3rd period - Minor Penalty to Patrick Maroon for Cross-checking.
18:01 of 3rd period - Nico Hischier wins face-off versus Ryan Carpenter in Nashville Predators zone.
18:08 of 3rd period - Wrist shot by Drake Batherson.
18:08 of 3rd period - Stopped by Samuel Ersson with a rebound.
18:10 of 3rd period - Slapshot by John Carlson.
18:10 of 3rd period - Deflect By Owen Tippett.
18:10 of 3rd period - Shot Blocked by Nate Schmidt.
18:10 of 3rd period - Puck is out of play.
18:11 of 3rd period - Nico Hischier wins face-off versus Ryan Carpenter in Nashville Predators zone.
18:16 of 3rd period - Snap shot by Nico Hischier.
18:16 of 3rd period - Shot Misses the Net.
18:18 of 3rd period - Slapshot by Drake Batherson.
18:18 of 3rd period - Stopped by Samuel Ersson with a rebound.
18:20 of 3rd period - Snap shot by Owen Tippett.
18:20 of 3rd period - Shot Blocked by Nate Schmidt.
18:22 of 3rd period - Slapshot by David Savard.
18:22 of 3rd period - Shot Misses the Net.
18:44 of 3rd period - Wrist shot by Owen Tippett.
18:44 of 3rd period - Deflect By Drake Batherson.
18:44 of 3rd period - Stopped by Samuel Ersson with a rebound.
18:46 of 3rd period - Slapshot by David Savard.
18:46 of 3rd period - Stopped by Samuel Ersson with a rebound.
18:48 of 3rd period - Backhand shot by John Carlson.
18:48 of 3rd period - Shot Blocked by Henri Jokiharju.
18:50 of 3rd period - Wrist shot by Nico Hischier.
18:50 of 3rd period - Shot Blocked by Nate Schmidt.
18:52 of 3rd period - Slapshot by David Savard.
18:52 of 3rd period - Stopped by Samuel Ersson with a rebound.
18:54 of 3rd period - Wrist shot by Owen Tippett.
18:54 of 3rd period - Shot Misses the Net.
18:56 of 3rd period - Slapshot by Owen Tippett.
18:56 of 3rd period - Shot Misses the Net.
18:58 of 3rd period - Snap shot by Drake Batherson.
18:58 of 3rd period - Shot Blocked by Henri Jokiharju.
19:48 of 3rd period - Slapshot by Nico Hischier.
19:48 of 3rd period - Goal by Nico Hischier - Nashville Predators : 3 - Washington Capitals : 4.
19:49 of 3rd period - Jordan Kyrou wins face-off versus Kevin Labanc in neutral zone.
Goals for this period are 2 for Nashville Predators vs 2 for Washington Capitals.
Shots for this period are 13 for Nashville Predators vs 19 for Washington Capitals.
Back to the Top